 Dungeon Crawl Stone Soup version 0.29.1-13-g9f3cf754e1 (webtiles) character file.

Game seed: 6258668597887352127

14 Heoruswealwe the Poker (level 2, 0/23 HPs)
             Began as a Merfolk Gladiator on Feb 1, 2023.
             Slain by a goblin
             ... wielding a +0 dagger
              (3 damage)
             ... on level 1 of the Dungeon.
             The game lasted 00:04:21 (224 turns).

Heoruswealwe the Poker (Merfolk Gladiator)           Turns: 224, Time: 00:04:22

Health: 0/23       AC:  4    Str: 14    XL:     2   Next: 41%
Magic:  2/2        EV: 13    Int:  7    God:
Gold:   22         SH:  0    Dex: 15    Spells: 1/1 levels left

rFire   . . .      SeeInvis .   a - +0 trident
rCold   . . .      Faith    .   (no shield)
rNeg    . . .      Spirit   .   b - +0 leather armour
rPois   .          Reflect  .   c - +0 helmet
rElec   .          Harm     .   (no cloak)
rCorr   .          Rampage  .   (no gloves)
Will    .....                   (no boots)
Stlth   +.........              (no amulet)
HPRegen 0.07/turn               (no ring)
MPRegen 0.08/turn               (no ring)

@: no status effects
A: (nimble swimmer 2), mertail
a: no special abilities


You were on level 1 of the Dungeon.
You visited 1 branch of the dungeon, and saw 1 of its levels.

You collected 22 gold pieces.

Inventory:

Hand Weapons
 a - a +0 trident (weapon)
 g - a +0 whip
 h - a +0 dagger
 j - a +0 club
Missiles
 d - 3 throwing nets (quivered)
 e - a javelin
 i - 4 stones
Armour
 b - a +0 leather armour (worn)
 c - a +0 helmet (worn)
Scrolls
 f - a scroll of butterflies {unknown}


   Skills:
 + Level 2.3 Fighting
 + Level 4.4 Polearms
 + Level 2.1 Throwing
 + Level 4.3 Dodging


You had one spell level left.
You didn't know any spells.
Your spell library was empty.

Dungeon Overview and Level Annotations

Branches:
Dungeon (1/15)

Altars:


Innate Abilities, Weirdness & Mutations

((You are very nimble when in or above water. (Stealth+, EV+, Speed+++)))
Your lower body shifts to a powerful aquatic tail in water.


Message History

A hobgoblin comes into view.
The hobgoblin shouts!
A goblin comes into view. It is wielding a +0 club.
A ball python comes into view.
The ball python hisses angrily.
The goblin shouts!
You barely miss the ball python.
Your tail-slap misses the ball python.
The ball python bites you. The ball python barely misses you.
You puncture the ball python!
You kill the ball python!
You hit the hobgoblin.
The hobgoblin is moderately wounded.
You barely miss the hobgoblin.
The hobgoblin is moderately wounded.
The hobgoblin hits you but does no damage.
You hit the hobgoblin. You tail-slap the hobgoblin.
You kill the hobgoblin!
You hit the goblin.
You kill the goblin!
You hear a splash.
Things that are here:
a +0 club; a goblin corpse; a hobgoblin corpse
j - a +0 club A goblin comes into view. It is wielding a +0 sling.
The goblin shoots a sling bullet.
The sling bullet barely misses you.
The goblin shoots a sling bullet.
The sling bullet barely misses you.
Found a silvery potion.
The goblin shoots a sling bullet.
The sling bullet barely misses you.
The goblin shoots a sling bullet.
The sling bullet closely misses you.
Found a stone staircase leading down.
The goblin drinks a potion.
The goblin seems to grow stronger.
You hit the goblin but do no damage.
The goblin unwields a +0 sling.
The goblin wields a +0 dagger.
The goblin hits you with a +0 dagger.
* * * LOW HITPOINT WARNING * * *
You hit the goblin but do no damage. The goblin hits you with a +0 dagger.
* * * LOW HITPOINT WARNING * * *
You barely miss the goblin. The goblin hits you but does no damage.
You barely miss the goblin. The goblin misses you.
You closely miss the goblin. The goblin hits you with a +0 dagger.
You die...

..#...~~## ##~≈≈≈≈≈
...##..~~~# #≈≈≈≈≈≈ ...
#..~~≈# #≈≈≈≈≈≈
#..#..~~~# #≈≈≈≈≈≈
#.#...~~## ##≈≈≈≈≈≈
#.....~~≈#####≈≈≈≈≈≈≈
#.....~~≈≈≈≈≈≈≈≈≈≈≈~
######.#..~~≈≈≈~≈≈≈≈≈~†~
......g@...~~≈≈~~~~~~~~.
...!....#...~~≈~~~~.....
........#....~~.....####
........##.........##
........#####......#
........# #......#
>.......# ########
........#


You could see a goblin (strong).

Vanquished Creatures
  A giant cockroach (D:1)
  A goblin (D:1)
  A hobgoblin (D:1)
  4 jackals (D:1)
  2 ball pythons (D:1)
  A bat (D:1)
  A frilled lizard (D:1)
  A kobold (D:1)
12 creatures vanquished.

Notes
Turn   | Place    | Note
-------+----------+-------------------------------------------
     0 | D:1      | Heoruswealwe the Merfolk Gladiator began the quest for the
                  | Orb.
     0 | D:1      | Reached XP level 1. HP: 16/16 MP: 1/1
    42 | D:1      | Reached XP level 2. HP: 5/22 MP: 2/2
   224 | D:1      | Slain by a goblin

Illustrated notes

Levels and vault maps discovered:
D:1:      minmay_arrival_shoal_huts, layout_rooms,
          hellmonk_ecumenical_altar_heavens_door, glass_columns_b

Action                   || total
-------------------------++-------
Melee: Trident           ||    54
       Punch             ||     2
       Tailslap          ||     2
 Stab: Sleeping          ||     1
Armor: Leather armour    ||    24
Dodge: Dodged            ||    50
